 Dungeon Crawl Stone Soup version 0.27-a0-1438-g9b7c6745da (webtiles) character file.

Game seed: 7605489309349741108

29 AarnesTheHuman the Shield-Bearer (level 3, 0/29 HPs)
             Began as a Formicid Fighter on July 4, 2021.
             Slain by a rat (1 damage)
             ... on level 1 of the Dungeon.
             The game lasted 00:01:05 (388 turns).

AarnesTheHuman the Shield-Bearer (Formicid Fighter)  Turns: 388, Time: 00:01:05

Health: 0/29       AC:  6    Str: 21    XL:     3   Next: 32%
Magic:  3/3        EV:  8    Int:  7    God:
Gold:   18         SH:  9    Dex: 10    Spells: 2/2 levels left

rFire    . . .     SeeInvis +   a - +0 long sword
rCold    . . .     Faith    .   c - +0 kite shield
rNeg     . . .     Spirit   .   b - +0 scale mail
rPois    .         Reflect  .   (helmet unavailable)
rElec    .         Harm     .   (no cloak)
rCorr    .         Rampage  .   (no gloves)
Will     .....                  (no boots)
Stlth    ..........             (no amulet)
HPRegen  0.09/turn              (no ring)
MPRegen  0.08/turn              (no ring)

@: no status effects
A: permanent stasis, dig shafts and tunnels, antennae 3, four strong arms
a: Dig, Shaft Self


You were on level 1 of the Dungeon.
You visited 1 branch of the dungeon, and saw 1 of its levels.

You collected 18 gold pieces.

Inventory:

Hand Weapons
 a - a +0 long sword (weapon)
Missiles
 i - 3 javelins (quivered)
Armour
 b - a +0 scale mail (worn)
 c - a +0 kite shield (worn)
Scrolls
 e - a scroll of enchant weapon {unknown}
 f - a scroll of noise {unknown}
Potions
 d - a potion of might
 g - a potion of curing {unknown}
 h - a potion of mutation {unknown}


   Skills:
 + Level 3.6 Fighting
 - Level 2.0 Long Blades
 + Level 3.6 Armour
 * Level 4.4 Shields


You had 2 spell levels left.
You didn't know any spells.
Your spell library contained the following spells:

 Spells                   Type           Power      Damage    Failure   Level
 Malign Gateway           Summ/Tloc      0%         N/A       100%        7
 Summon Horrible Things   Summ           0%         N/A       100%        8


Dungeon Overview and Level Annotations

Branches:
Dungeon (1/15)

Altars:


Innate Abilities, Weirdness & Mutations

You cannot be hasted, slowed, berserked, paralysed or teleported.
You can dig through walls and to a lower floor.
You have a pair of large antennae on your head. (SInv)
Your four strong arms can wield two-handed weapons with a shield.


Message History

You hit the gnoll.
The gnoll is moderately wounded.
You block the gnoll's attack.
You hit the gnoll.
The gnoll is heavily wounded.
The gnoll hits you with a +0 club.
* * * LOW HITPOINT WARNING * * *
You hit the gnoll but do no damage.
The gnoll is heavily wounded.
The gnoll hits you with a +0 club.
* * * LOW HITPOINT WARNING * * *
The gnoll closely misses you.
Your shield prevents you from hitting the gnoll.
The gnoll is heavily wounded.
You block the gnoll's attack.
You hit the gnoll.
The gnoll is heavily wounded.
The gnoll hits you with a +0 club.
* * * LOW HITPOINT WARNING * * *
The gnoll completely misses you.
You hit the gnoll but do no damage.
The gnoll is heavily wounded.
You block the gnoll's attack.
You hit the gnoll but do no damage.
The gnoll is moderately wounded.
The gnoll barely misses you. You block the gnoll's attack.
You closely miss the gnoll.
The gnoll is moderately wounded.
The gnoll hits you with a +0 club.
* * * LOW HITPOINT WARNING * * *
You slash the gnoll!
You kill the gnoll!
You have reached level 3!
Your experience leads to an increase in your attributes!
Increase (S)trength, (I)ntelligence, or (D)exterity?
You feel stronger.
You hit the rat.
The rat is heavily wounded.
The rat bites you.
You die...

#.# #)# .## ###
#†# .# # ##..
.######.## .##
#.#... .........#
..#########.#..#
#.######..#
...............#
#.# ##.#
..#########....#
#.# #.# .####
#.##$####
#.#######.# ....#
#....r@.#
#.##......# .##.#
####.##.#
#.##.####.# .##.#
#.##.#####.##.#
#.# .##.#
#.##.......##.#
#.# ..#.#
#.########.##.#
#.# ....#
###.########.##.#
#.# ..###
.............##.#
#.# .####
#≈≈≈########.##.#
#.# ....# #≈≈≈#
#.##.# #.#


You could see a rat.

Vanquished Creatures
  A gnoll (D:1)
  3 ball pythons (D:1)
  2 endoplasms (D:1)
  2 goblins (D:1)
  2 hobgoblins (D:1)
  2 quokkas (D:1)
  2 bats (D:1)
  2 kobolds (D:1)
  4 rats (D:1)
20 creatures vanquished.

Notes
Turn   | Place    | Note
-------+----------+-------------------------------------------
     0 | D:1      | AarnesTheHuman the Formicid Fighter began the quest for the
                  | Orb.
     0 | D:1      | Reached XP level 1. HP: 18/18 MP: 1/1
   107 | D:1      | Reached skill level 4 in Shields
   107 | D:1      | Reached XP level 2. HP: 24/24 MP: 2/2
   386 | D:1      | HP: 1/24 [gnoll (4)]
   388 | D:1      | Reached XP level 3. HP: 1/29 MP: 3/3
   388 | D:1      | Slain by a rat

Illustrated notes

Levels and vault maps discovered:
D:1:      heliophobic_arrival_battle_scene, layout_loops_ring,
          chequers_serial_rivers_small_b

Skill      XL: |  1 |
---------------+----+-----
Shields        | 4 |  4.4
Fighting       | |  3.6
Long Blades    | |  2.0
Armour         | |  3.6

Action                   || total
-------------------------++-------
Melee: Long sword        ||    69
Armor: Scale mail        ||    16
Dodge: Dodged            ||    21
Block: Kite shield       ||    43
       Rpst.: Long sword ||     4

Table legend: (Time is in decaauts)
 A = Elapsed time spent in this place.
 B = Non-inter-level travel time spent in this place.
 C = Inter-level travel time spent in this place.
 D = Time resting spent in this place.
 E = Time spent auto-exploring this place.
 F = Levels seen in this place.
 G = Mean time per level.
                   A        B        C        D        E       F      G
               +--------+--------+--------+--------+--------+-----+--------+
         Total |    420 |    420 |      0 |      0 |    260 |   1 |  420.0 |
       Dungeon |    420 |    420 |      0 |      0 |    260 |   1 |  420.0 |
               +--------+--------+--------+--------+--------+-----+--------+

Top non-repeatable levels by time:
     D:1: 420 daAuts
